Arrhythmia, neutral female human Tourist ----- |...| ------- |...| |.....| |...| |.....| |...- |...... |...| |.....| -)---# -%----- III##### ### @ # # I # # -----%- #)######## |.....| ## ----.--- +......### |......| |.....| # |.....<| ------- +......| -------- Arrhythmia the Excursionist Experience level: 6 Strength: 9 Dexterity: 12 Constitution: 18 Intelligence: 10 Wisdom: 11 Charisma: 16 Health: 0(50) Energy: 23(23) AC: 1 Gold: 236 Moves: 2166 Your Inventory: Coins $ - 236 gold pieces Amulets m - a [cursed] elliptic amulet [of change] Weapons a - 24 uncursed +2 darts (in quiver) n - a [blessed] rustproof [+0] athame Armor j - an uncursed +0 Hawaiian shirt (being worn) q - a [blessed] +1 iron skull cap [orcish helm] (being worn) F - an [uncursed] +0 pair of leather gloves (being worn) J - an [uncursed] +0 apron [alchemy smock] (being worn) K - an uncursed -1 pair of levitation boots L - an [uncursed] +0 elven mithril-coat (being worn) Comestibles c - 6 uncursed food rations d - 2 uncursed [stale] eggs e - an uncursed tripe ration f - 2 uncursed Hot Futa Mare Dicks C - 2 [uncursed] lembas wafers Scrolls i - 3 uncursed scrolls of magic mapping s - an [uncursed] scroll labeled MAPIRO MAHAMA DIROMAT [of teleportation] N - an [uncursed] scroll labeled LOREN IPSUM [of light] P - an [uncursed] scroll labeled XIXAXA XOXAXA XUXAXA [of identify] V - an [uncursed] scroll labeled THARR [of confuse monster] Potions h - an uncursed potion of extra healing y - an [uncursed] clear potion [of water] A - 2 [uncursed] emerald potions [of confusion] B - an [uncursed] pink potion [of object detection] R - an [uncursed] luminescent potion [of booze] Tools l - an uncursed credit card U - an [uncursed] tin opener W - an [uncursed] leash Gems S - an [uncursed] red gem [garnet] Spells known in the end: Name Level Category Fail Memory Your skills at the end: Fighting Skills Weapon Skills dart [Basic / Expert] Spellcasting Skills Final Attributes: You were piously aligned. Hunger level was 147. Your alignment was 20 / 20. Monster difficulty range was 0 - 5. Level difficulty was 5. You were immune to poison. You were immune to acid. You were blinded. Your luck was zero. You are dead. Vanquished creatures: a large mimic a rock piercer a yellow light a violet fungus a straw golem 6 hill orcs a centipede 2 giant bats 2 orc zombies an iguana a hobbit a brown mold a gnome 6 geckos 4 jackals 2 foxes 2 goblins a sewer rat 6 grid bugs a bat 3 lichens 5 newts 50 creatures vanquished. Voluntary challenges: You used a wielded weapon 72 times. You read items or engraved 25 times. You put on armor 7 times. You never genocided any monsters. You never polymorphed an object. You never changed form. You used 1 wish. You did not wish for any artifacts. You wrote Elbereth's name 22 times. You never encountered a bones level. You never used any Sokoban shortcuts. Dungeon overview: The Dungeons of Doom: levels 1 to 5 Level 1 a long staircase Level 2 a fountain Level 3 an armor shop Level 4 a fountain a long staircase Level 5 <- You were here History has recorded: On T:1 you entered the Dungeons of Doom to retrieve the Amulet of Yendor! On T:134 you wished for "blessed fixed +2 Athame". On T:473 you advanced to experience level 2. On T:619 you reached level 2 of The Dungeons of Doom. On T:755 you advanced to experience level 3. On T:992 you reached level 3 of The Dungeons of Doom. On T:1393 you advanced to experience level 4. On T:1499 you advanced to experience level 5. On T:1637 you reached level 4 of The Dungeons of Doom. On T:1981 you reached level 5 of The Dungeons of Doom. On T:2019 you advanced to experience level 6. Latest messages: You hear a door open. [HP+1=25] It misses. It hits! [HP-8=17] It hits! You are beginning to feel hungry. [HP-6=11] You add with a rustproof athame to the engraving in the ground. It hits! [HP-2=9] You add with a rustproof athame to the engraving in the ground. It hits! [HP-7=2] You hit it. It hits! You die... Final status: Aloha Arrhythmia the Tourist... You died in The Dungeons of Doom on dungeon level 5 with 1545 points, and 236 pieces of gold, after 2166 moves. You were level 6 with a maximum of 50 hit points when you died.